 Dungeon Crawl Stone Soup version 0.32-a0-933-ga8fa3634e4 (webtiles) character file.

Game seed: 2305548375751309497

3969 jasper the Brawler (level 10, -3/77 HPs)
             Began as a Ghoul Fighter on Apr 14, 2024.
             Was an Initiate of Makhleb.
             Killed from afar by a steam dragon (12 damage)
             ... with a ball of steam
             ... on level 8 of the Dungeon.
             The game lasted 00:10:45 (7412 turns).

jasper the Brawler (Ghoul Fighter)                  Turns: 7412, Time: 00:10:46

Health: -3/77      AC: 12    Str: 25    XL:     10   Next: 22%
Magic:  10/10      EV:  5    Int:  7    God:    Makhleb [......]
Gold:   390        SH:  3    Dex:  8    Spells: 9/9 levels left

rFire   . .          .
                       - Unarmed
rCold   + . .        b - +0 buckler
rNeg    + + +        d - +0 plate armour
rPois   ∞            (no helmet)
rElec   .            m - +0 cloak
rCorr   .            (no gloves)
SInv    +            (no boots)
Will    .....        (no amulet) Stlth
                     q - ring of see invisible
HPRegen 0.00/turn    (no ring)
MPRegen 0.12/turn

%: no passive effects
@: inhibited regen
A: claws 1, cold resistance 1, negative energy resistance 3, inhibited
regeneration, torment resistance 2, devour on kill
a: Renounce Religion


You were on level 8 of the Dungeon.
You worshipped Makhleb.
Makhleb was noncommittal.
You visited 2 branches of the dungeon, and saw 9 of its levels.

You collected 390 gold pieces.

Inventory:

Missiles
 k - 4 boomerangs (quivered)
 l - 138 stones
 p - 3 throwing nets
 s - 4 javelins
Armour
 a - a +0 scale mail
 b - a +0 buckler (worn)
 d - a +0 plate armour (worn)
 f - a +0 pair of gloves of strength
 m - a +0 cloak (worn)
Jewellery
 q - a ring of see invisible (left claw)
Wands
 c - a wand of polymorph (15)
 r - a wand of charming (15)
 v - a wand of digging (5)
Scrolls
 t - a scroll of poison
Potions
 g - a potion of haste
 h - a potion of invisibility {unknown}
 i - a potion of lignification
 j - 2 potions of degeneration
 n - a potion of berserk rage {unknown}
 o - 2 potions of mutation
 u - a potion of ambrosia


   Skills:
 - Level 3.2 Fighting
 - Level 2.6 Armour
 - Level 2.6 Shields
 + Level 15.6 Unarmed Combat


You had 9 spell levels left.
You didn't know any spells.
Your spell library contained the following spells:

 Spells                   Type           Power      Damage    Failure   Level
 Lesser Beckoning         Tloc           0%         N/A       100%        2
 Fugue of the Fallen      Necr           0%         N/A       100%        3
 Hailstorm                Conj/Ice       0%         3d5       100%        3
 Maxwell's Portable Pile  Tloc           0%         2d(5-13)  100%        3
 Ozocubu's Armour         Ice            0%         N/A       100%        3
 Summon Ice Beast         Ice/Summ       0%         N/A       100%        3
 Teleport Other           Tloc           0%         N/A       100%        3
 Tukima's Dance           Hex            0%         N/A       100%        3
 Dimensional Bullseye     Hex/Tloc       0%         N/A       100%        4
 Iskenderun's Mystic Bla Conj/Tloc 0%             2d3        (+2d1     100%        4
 Passage of Golubria      Tloc           0%         N/A       100%        4
 Silence                  Hex/Air        0%         N/A       100%        5
 Permafrost Eruption      Ice/Erth       0%         2x4d1     100%        6
 Sculpt Simulacrum        Ice/Alch       0%         N/A       100%        6
 Manifold Assault         Tloc           0%         N/A       100%        7
 Lehudib's Crystal Spear  Conj/Erth      0%         10d2      100%        8


Dungeon Overview and Level Annotations

Branches:
Dungeon (8/15)             Temple (1/1) D:4
   Lair: D:8-11

Altars:
Ashenzari
Dithmenos
Fedhas
Gozag
Hepliaklqana
Kikubaaqudgha
Makhleb
Nemelex Xobeh
Okawaru
Qazlal
Trog
Vehumet
Wu Jian
Xom
Yredelemnul

Shops:
D:4 *

Annotations:
D:4 1 runed translucent door
D:8 Prince Ribbit


Innate Abilities, Weirdness & Mutations

You are immune to poison.
You have sharp fingernails.
Your flesh is cold resistant. (rC+)
You are immune to negative energy. (rN+++)
You do not regenerate when monsters are visible.
You are immune to unholy pain and torment.
You thrive by killing the living.


Message History

You regained 19 hp, and now have 38/77 hp.
You barely miss Prince Ribbit.
Prince Ribbit is heavily wounded.
You are engulfed in a cloud of scalding steam.
Prince Ribbit sighs, "It's not easy being green!"
Prince Ribbit barely misses you. The steam dragon barely misses you.
The steam dragon claws you but does no damage.
The steam dragon bites you but does no damage.
The steam dragon claws you.
You take 4 damage, and have 34/77 hp.
You barely miss the steam dragon.
The steam dragon is moderately wounded.
The steam dragon bites you but does no damage.
The steam dragon claws you but does no damage.
You closely miss the steam dragon.
The steam dragon is moderately wounded.
Prince Ribbit hits you! The steam dragon breathes steam at you.
The ball of steam hits you!
* * * LOW HITPOINT WARNING * * *
You take 18 damage, and have 16/77 hp.
MASSIVE DAMAGE!!
Prince Ribbit hits you.
* * * LOW HITPOINT WARNING * * *
The steam dragon attacks as it pursues you!
The steam dragon bites you.
* * * LOW HITPOINT WARNING * * *
You block the steam dragon's attack.
You take 7 damage, and have 9/77 hp.
Okay, then.
Prince Ribbit is engulfed in a cloud of scalding steam.
Prince Ribbit blinks!
Okay, then.
The steam dragon attacks as it pursues you!
The steam dragon barely misses you.
The steam dragon claws you but does no damage.
The air fills with toxic fumes!
As you read the scroll of poison, it crumbles to dust.
The steam dragon breathes steam at you. The ball of steam hits you!
You die...

..^.#...................#
.#.......#§§§§§§§F§§§§§§.
.#.......#§§#§§§§§§§§§§§.
.........§§§§§§§§§§§§§§.#
.........§§§§§§§§§§§§#
#........§§§§§§§§§§§§#
.........§§§§§§§§§§§##
#........§§§§§§§D§§§##
......##.§§§§§§§@§§§§#
#.....##.§#####§§§§§§#
#......#..### ##§§§§§§§#
............# ###§§§§##
...)........# #####
#......##...#
###....###..# #....## ###
#..###


You could see Prince Ribbit and a steam dragon (catching breath).

Vanquished Creatures
  Maurice (D:7)
  Joseph (D:8)
  Grinder (D:5)
  Sigmund (D:2)
  A wyvern (D:8)
  A steam dragon (D:7)
  2 orc warriors
  2 ice beasts
  2 sky beasts
  A black bear (D:6)
  2 ogres
  A phantom (D:5)
  3 bullfrogs
  A gnoll sergeant (D:7)
  5 scorpions
  6 wights (D:8)
  A howler monkey (D:8)
  A bombardier beetle (D:3)
  2 gnoll boudas
  4 hounds
  An orc priest (D:7)
  A human zombie (D:4)
  A human skeleton (D:4)
  A sleepcap (D:5)
  Jessica (D:3)
  An iguana (D:5)
  3 orc wizards
  8 adders
  16 gnolls
  A shadow imp (D:7)
  4 white imps
  6 ufetubi
  4 dart slugs
  2 ribbon worms
  12 orcs
  5 bats
  4 endoplasms
  3 giant cockroaches (D:1)
  8 goblins
  8 hobgoblins
  6 jackals (D:1)
  4 quokkas
  10 ball pythons
  A frilled lizard (D:1)
  13 kobolds
  3 rats
166 creatures vanquished.

Notes
Turn   | Place    | Note
-------+----------+-------------------------------------------
     0 | D:1      | jasper the Ghoul Fighter began the quest for the Orb.
     0 | D:1      | Reached XP level 1. HP: 19/19 MP: 1/1
   167 | D:1      | Reached skill level 3 in Unarmed Combat
   167 | D:1      | Reached XP level 2. HP: 21/26 MP: 2/2
   222 | D:1      | Found a faded altar of an unknown god.
   443 | D:1      | Reached XP level 3. HP: 31/31 MP: 3/3
   562 | D:1      | Reached skill level 4 in Unarmed Combat
   943 | D:2      | Noticed Sigmund
   966 | D:2      | Killed Sigmund
   967 | D:2      | Reached skill level 6 in Unarmed Combat
   967 | D:2      | Reached XP level 4. HP: 27/38 MP: 4/4
   967 | D:2      | Reached XP level 5. HP: 32/45 MP: 5/5
  1084 | D:2      | Reached XP level 6. HP: 51/51 MP: 6/6
  1619 | D:3      | Reached skill level 7 in Unarmed Combat
  2234 | D:3      | Noticed Jessica
  2258 | D:3      | Killed Jessica
  2370 | D:3      | Found a bloodstained altar of Trog.
  2401 | D:3      | Reached skill level 8 in Unarmed Combat
  2762 | D:4      | Reached XP level 7. HP: 55/57 MP: 7/7
  2844 | D:4      | Found Zeufab's Gadget Gallery.
  2886 | D:4      | Found a staircase to the Ecumenical Temple.
  2894 | Temple   | Entered the Ecumenical Temple
  2988 | D:4      | Found a runed translucent door.
  2988 | D:4      | Noticed a human
  3032 | D:4      | Found a basalt altar of Yredelemnul.
  3055 | D:4      | Found an ornate altar of the Wu Jian Council.
  3316 | D:5      | Entered Level 5 of the Dungeon
  3386 | D:5      | Reached skill level 9 in Unarmed Combat
  3807 | D:5      | Noticed Grinder
  3812 | D:5      | Paralysed by Grinder for 5 turns
  3833 | D:5      | Killed Grinder
  3834 | D:5      | Reached skill level 10 in Unarmed Combat
  3834 | D:5      | Reached XP level 8. HP: 43/63 MP: 8/8
  4162 | D:5      | Reached skill level 11 in Unarmed Combat
  4455 | D:6      | Found an iron altar of Okawaru.
  4857 | D:6      | Identified the +9 orcbow of Valiance {freeze, rElec rPois
                  | rC++ Will-}
  5459 | D:7      | Noticed Maurice
  5464 | D:7      | Maurice stole 4 javelins
  5465 | D:7      | Maurice stole 283 gold
  5487 | D:7      | Killed Maurice
  5488 | D:7      | Reached skill level 12 in Unarmed Combat
  5488 | D:7      | Reached XP level 9. HP: 44/70 MP: 2/9
  5625 | D:7      | Reached skill level 13 in Unarmed Combat
  6248 | D:7      | Reached skill level 14 in Unarmed Combat
  6794 | D:8      | Found a shadowy altar of Dithmenos.
  6984 | D:8      | Found a burning altar of Makhleb.
  6999 | D:8      | Became a worshipper of Makhleb the Destroyer
  7009 | D:8      | Reached XP level 10. HP: 77/77 MP: 10/10
  7015 | D:8      | Reached skill level 15 in Unarmed Combat
  7203 | D:8      | Noticed Joseph
  7214 | D:8      | Killed Joseph
  7384 | D:8      | Noticed Prince Ribbit
  7412 | D:8      | Killed from afar by a steam dragon

Illustrated notes

Levels and vault maps discovered:
D:1:      minmay_arrival_jagged, layout_loops_cross,
          chequers_ecumenical_altar_simple, minmay_quantized
D:2:      layout_loops_ring, uniq_sigmund
D:3:      layout_basic, trog_hazing_becter, uniq_jessica
D:4:      layout_gridville, nicolae_wu_jian_immortal_techniques,
          dk_yredelemnul_ordeal, minmay_temple_entry_offerings,
          nicolae_shop_gadgets
D:5:      layout_loops_ring, chequers_serial_rivers_micro_b,
          serial_library_hellmonk_angled_corner, minmay_misc_feat_rugged,
          minmay_misc_feat_alley, uniq_grinder
D:6:      layout_basic, okawaru_altar_gauntlet_db, minmay_misc_feat_enclosed,
          minivault_4
D:7:      layout_loops_ring, nicolae_overflow_crystal_walls, uniq_maurice
D:8:      layout_cave_pools, grunt_dithmenos_smoke_and_mirrors,
          mainiacjoe_overflow_24_doors, uniq_joseph, uniq_prince_ribbit1
Temple:   grunt_temple_mini_profane

Skill      XL: |  1  2  3  4  5  6  7  8  9 10 |
---------------+-------------------------------+-----
Unarmed Combat | 3 6 8 10 12 14 15 | 15.6
Fighting       | |  3.2
Armour         | |  2.6
Shields        | |  2.6

Action                     |  1- 3 |  4- 6 |  7- 9 | 10-12 || total
---------------------------+-------+-------+-------+-------++-------
  Melee: Unarmed           |   126 |    93 |   291 |    45 ||   555
  Throw: Boomerang         |       |     3 |     3 |       ||     6
         Javelin           |       |       |     1 |       ||     1
    Use: Scroll            |     4 |     4 |     6 |     1 ||    15
         Potion            |     2 |     1 |     2 |     2 ||     7
 Armour: Scale mail        |   102 |    45 |   189 |     7 ||   343
         Plate armour      |       |       |       |    40 ||    40
  Dodge: Dodged            |    44 |    29 |   101 |     8 ||   182
  Block: Buckler           |    18 |    19 |    41 |     8 ||    86

Table legend: (Time is in decaauts)
 A = Elapsed time spent in this place.
 B = Non-inter-level travel time spent in this place.
 C = Inter-level travel time spent in this place.
 D = Time resting spent in this place.
 E = Time spent auto-exploring this place.
 F = Levels seen in this place.
 G = Mean time per level.
                   A        B        C        D        E       F      G
               +--------+--------+--------+--------+--------+-----+--------+
         Total |   7339 |   7123 |    216 |    499 |   5194 |   9 |  815.4 |
       Dungeon |   7337 |   7121 |    216 |    499 |   5194 |   8 |  917.1 |
        Temple |      1 |      1 |      0 |      0 |      0 |   1 |    1.0 |
               +--------+--------+--------+--------+--------+-----+--------+

Top non-repeatable levels by time:
     D:7: 1397 daAuts
     D:3: 1211 daAuts
     D:5: 1022 daAuts
     D:6: 968 daAuts
     D:1: 871 daAuts
     D:8: 648 daAuts
     D:4: 609 daAuts
     D:2: 607 daAuts
  Temple: 1 daAuts
